 Dungeon Crawl Stone Soup version 0.31.0-11-ge490571c62 (webtiles) character file.

Game seed: 18008049603520155496

1508 qw the Skirmisher (level 8, 0/40 HPs)
             Began as a Spriggan Hunter on Feb 3, 2024.
             Was a Believer of Okawaru.
             Slain by a kobold
             ... wielding a +0 club
              (2 damage)
             ... on level 7 of the Dungeon.
             The game lasted 00:00:20 (4515 turns).

qw the Skirmisher (Spriggan Hunter)                 Turns: 4515, Time: 00:00:21

Health: 0/40       AC:  2    Str:  7    XL:     8   Next: 53%
Magic:  12/12      EV: 23    Int: 10    God:    Okawaru [**....]
Gold:   315        SH:  0    Dex: 21    Spells: 7/7 levels left

rFire   . . .        a - +0 shortbow (elec)
rCold   . . .        (shield currently unavailable)
rNeg    . . .        c - +0 robe
rPois   .            (helmet restricted)
rElec   .            (no cloak)
rCorr   .            (gloves unavailable)
SInv    +            (boots unavailable)
Will    +....        (no amulet)
Stlth   ++           (no ring)
HPRegen 0.26/turn    (no ring)
MPRegen 0.13/turn

%: no passive effects
@: lethally poisoned (0 -> -1), about to teleport, very quick
A: very small, no large weapons, unfitting armour, see invisible, speed 3
a: Renounce Religion, Heroism


You were on level 7 of the Dungeon.
You worshipped Okawaru.
Okawaru was pleased with you.
You visited 2 branches of the dungeon, and saw 8 of its levels.
You also visited: Sewer.

You collected 315 gold pieces.


Innate Abilities, Weirdness & Mutations

You are very small and have problems with some larger weapons.
You are too small for most types of armour.
You have supernaturally acute eyesight. (SInv)
You cover ground extremely quickly. (Speed+++)


   Skills:
 - Level 3.2 Fighting
 + Level 8.1 Ranged Weapons
 - Level 8.1 Dodging
 - Level 1.5 Stealth
 - Level 4.0 Invocations


You had 7 spell levels left.
You didn't know any spells.
Your spell library was empty.

Inventory:

Hand Weapons
 a - a +0 shortbow of electrocution (weapon)
Armour
 c - a +0 robe (worn)
Wands
 e - a wand of digging (5)
 n - a wand of flame (24)
Scrolls
 f - a scroll of teleportation
Potions
 b - a potion of might
 d - a potion of haste
 g - 2 potions of curing
 j - a potion of heal wounds {unknown}
 k - a potion of brilliance {unknown}
 l - a potion of berserk rage {unknown}
 m - a potion of ambrosia {unknown}

Dungeon Overview and Level Annotations

Branches:
Dungeon (7/15)             Temple (1/1) D:4           Sewer (visited)

Altars:
Ashenzari
Elyvilon
Fedhas
Okawaru
Ru
Sif Muna
Trog
Uskayaw
Vehumet
Wu Jian
Xom
Yredelemnul
Zin

Annotations:
D:3 1 runed translucent door, Crazy Yiuf


Message History

Okawaru accepts your kill.
The kobold brigand throws a poisoned dart.
The poisoned dart hits you!
You are poisoned.
You shoot an arrow. The arrow hits the kobold.
You kill the kobold!
Okawaru accepts your kill.
You feel very sick.
You shoot an arrow. The arrow hits the kobold brigand.
Lightning courses through the kobold brigand!
The kobold brigand is severely wounded.
You feel sick.
A kobold comes into view. It is wielding a +0 short sword.
You shoot an arrow. The kobold shouts!
The arrow hits the kobold brigand but does no damage.
The kobold brigand is severely wounded.
You feel sick. The kobold brigand misses you.
You shoot an arrow.
The arrow barely misses the kobold brigand.
You feel sick. The kobold brigand barely misses you.
The kobold hits you with a +0 club.
You shoot an arrow.
The arrow hits the kobold brigand but does no damage.
The kobold brigand is severely wounded.
You feel sick.
The kobold brigand hits you with a +0 dagger.
The kobold hits you with a +0 club.
4514 ||| READING 2 scrolls of teleportation.
As you read the scroll of teleportation, it crumbles to dust.
You feel strangely unstable.
You feel sick.
The kobold brigand completely misses you.
The kobold misses you.
You shoot an arrow. The arrow hits the kobold brigand.
The kobold brigand is almost dead.
You feel sick. The kobold misses you.
The kobold brigand hits you but does no damage.
The kobold hits you with a +0 club.
You die...

....>##.........+
................#......
................#...))#
.....##...##....#)....#
.....##.>.##....#.....#
.....##...##....#K....#
................#))...#
................#K....#
................@K....#
#################K....#
######


You could see a kobold brigand and 3 kobolds.

Vanquished Creatures
  Duvessa (D:6)
  A sky beast (D:6)
  An orc warrior (D:5)
  A black bear (D:6)
  3 ice beasts
  A crocodile (Sewer)
  A phantom (D:6)
  A centaur (D:7)
  A scorpion (D:4)
  Dowan (D:6)
  A bombardier beetle (D:3)
  4 hounds
  A jelly (D:6)
  Jessica (D:3)
  A sleepcap (D:4)
  Terence (D:3)
  An orc wizard (D:4)
  An iguana (D:5)
  3 adders
  6 gnolls
  A river rat (D:4)
  2 shadow imps (D:6)
  2 ufetubi (D:6)
  2 ribbon worms
  2 dart slugs
  14 orcs
  7 ball pythons
  2 bats (D:2)
  5 endoplasms
  6 giant cockroaches
  6 goblins
  9 hobgoblins
  2 jackals (Sewer)
  3 quokkas
  5 frilled lizards
  15 kobolds
  6 rats
121 creatures vanquished.

Vanquished Creatures (others)
  An adder (D:2)
1 creature vanquished.

Grand Total: 122 creatures vanquished

Notes
Turn   | Place    | Note
-------+----------+-------------------------------------------
     0 | D:1      | qw the Spriggan Hunter began the quest for the Orb.
     0 | D:1      | Reached XP level 1. HP: 10/10 MP: 2/2
     0 | D:1      | Noticed a minotaur
     0 | D:1      | Noticed a vampire
     0 | D:1      | 0 ||| qw: Version: 0.3-a-158-g18b3111
     0 | D:1      | 0 ||| qw: Game counter: 4136
     0 | D:1      | 0 ||| qw: Melee chars always use a shield: true
     0 | D:1      | 0 ||| qw: God list: Okawaru
     0 | D:1      | 0 ||| qw: Allow faded altars: false
     0 | D:1      | 0 ||| qw: Do Orc after clearing Dungeon:15 true
     0 | D:1      | 0 ||| qw: Do second Lair branch before Depths: true
     0 | D:1      | 0 ||| qw: Lair rune preference: random
     0 | D:1      | 0 ||| qw: Goals: Normal
     0 | D:1      | 0 ||| PLANNING D:1-11
     2 | D:1      | Noticed an oni
     2 | D:1      | Noticed a gargoyle
     4 | D:1      | Noticed a vampire
     9 | D:1      | Noticed a minotaur
    11 | D:1      | Noticed a felid
    11 | D:1      | Noticed a gargoyle
    13 | D:1      | Noticed a spriggan
    13 | D:1      | Noticed a naga
    15 | D:1      | Noticed a vine stalker
    15 | D:1      | Noticed a merfolk
    17 | D:1      | Noticed a naga
    17 | D:1      | Noticed a felid
    17 | D:1      | Noticed a gargoyle
    21 | D:1      | Noticed a troll
    75 | D:1      | Reached skill level 3 in Dodging
   173 | D:1      | Reached XP level 2. HP: 6/14 MP: 3/3
   628 | D:1      | 628 ||| READING scroll labelled WUTAW MISATH.
   633 | D:1      | 633 ||| READING scroll labelled TOSURA ZAYSOU.
   634 | D:1      | 634 ||| READING scroll labelled YMAIDY SODOEHE.
   635 | D:1      | 635 ||| READING scroll labelled MOENTE NIRAMY.
   635 | D:1      | 635 ||| ENCHANTING +0 shortbow.
   636 | D:1      | 636 ||| READING 2 scrolls labelled PEENTI BUNI.
   637 | D:1      | 637 ||| READING scroll labelled TAUDWO HENEYXE.
   638 | D:1      | 638 ||| READING scroll labelled EFFIHYCVIP.
   639 | D:1      | 639 ||| DROPPING scroll of butterflies.
   640 | D:1      | 640 ||| DROPPING scroll of noise.
   642 | D:1      | 642 ||| Stepping ~*~*~tactically~*~*~ (cloud).
   648 | D:1      | HP: 3/14 [poisoned by you (poison gas)]
   739 | D:2      | Reached XP level 3. HP: 11/18 MP: 4/4
  1066 | D:2      | Reached XP level 4. HP: 20/22 MP: 5/5
  1365 | D:2      | 1365 ||| READING scroll labelled JILOUG DUGIA.
  1366 | D:2      | 1366 ||| DRINKING 2 glowing golden potions.
  1555 | D:3      | Noticed Terence
  1570 | D:3      | Killed Terence
  1674 | D:3      | Reached XP level 5. HP: 26/26 MP: 6/6
  1707 | D:3      | Found a runed translucent door.
  1708 | D:3      | Noticed Crazy Yiuf
  1756 | D:3      | Found an ornate altar of the Wu Jian Council.
  1801 | D:3      | Found a bloodstained altar of Trog.
  1923 | D:3      | 1923 ||| READING scroll labelled ROESCH VERACW.
  1923 | D:3      | 1923 ||| BRANDING +0 shortbow.
  1924 | D:3      | 1924 ||| READING scroll labelled KIUBBU ENUI.
  2081 | D:3      | 2081 ||| STAIRDANCE
  2097 | D:3      | Noticed Jessica
  2100 | D:3      | Killed Jessica
  2203 | D:4      | 2203 ||| PLANNING SEWER
  2296 | D:4      | Found a radiant altar of Vehumet.
  2330 | D:4      | Found a staircase to the Ecumenical Temple.
  2410 | D:4      | Reached skill level 6 in Ranged Weapons
  2539 | D:4      | Found a shimmering blue altar of Sif Muna.
  2555 | D:4      | 2555 ||| DRINKING potion of curing.
  2555 | D:4      | 2555 ||| (to cure confusion)
  2559 | D:4      | Reached XP level 6. HP: 13/30 MP: 7/7
  2715 | D:4      | Found a glowing drain.
  2719 | D:4      | 2719 ||| READING scroll labelled NIVERCHIOCA.
  2820 | D:4      | 2820 ||| READING scroll labelled NECRAI YSTETE.
  2820 | D:4      | 2820 ||| IDENTIFYING purple potion
  2831 | Sewer    | Entered a sewer
  2872 | Sewer    | Reached skill level 6 in Dodging
  2926 | Sewer    | 2926 ||| READING scroll labelled SOACHO YGIODUU.
  2979 | Sewer    | 2979 ||| DRINKING 2 glowing orange potions.
  2995 | D:4      | 2995 ||| PLANNING TEMPLE
  3039 | Temple   | Entered the Ecumenical Temple
  3040 | Temple   | 3040 ||| PLANNING OKAWARU WORSHIP
  3046 | Temple   | Became a worshipper of Warmaster Okawaru
  3047 | Temple   | 3047 ||| PLANNING D:1-11
  3106 | D:4      | 3106 ||| FLEEEEING.
  3107 | D:4      | 3107 ||| FLEEEEING.
  3108 | D:4      | 3108 ||| FLEEEEING.
  3109 | D:4      | 3109 ||| FLEEEEING.
  3110 | D:4      | 3110 ||| FLEEEEING.
  3111 | D:4      | 3111 ||| FLEEEEING.
  3113 | D:4      | 3113 ||| FLEEEEING.
  3116 | D:4      | 3116 ||| FLEEEEING.
  3117 | D:4      | 3117 ||| FLEEEEING.
  3118 | D:4      | 3118 ||| FLEEEEING.
  3119 | D:4      | 3119 ||| FLEEEEING.
  3121 | D:4      | 3121 ||| FLEEEEING.
  3122 | D:4      | 3122 ||| FLEEEEING.
  3163 | D:4      | Found a hide-covered altar of Uskayaw.
  3264 | D:5      | Entered Level 5 of the Dungeon
  3280 | D:5      | Reached XP level 7. HP: 30/35 MP: 8/8
  3372 | D:5      | Reached * piety under Okawaru
  3464 | D:5      | Reached skill level 1 in Invocations
  3889 | D:6      | Noticed Duvessa
  3889 | D:6      | Noticed Dowan
  3895 | D:6      | Killed Duvessa
  3896 | D:6      | 3896 ||| INVOKING Heroism.
  3898 | D:6      | Killed Dowan
  3899 | D:6      | Reached XP level 8. HP: 39/39 MP: 7/10
  3931 | D:6      | Reached skill level 3 in Invocations
  4146 | D:6      | Reached ** piety under Okawaru
  4249 | D:6      | Found a glowing silver altar of Zin.
  4418 | D:6      | 4418 ||| READING 2 scrolls of identify.
  4418 | D:6      | 4418 ||| IDENTIFYING grey potion
  4419 | D:6      | 4419 ||| READING scroll of identify.
  4419 | D:6      | 4419 ||| IDENTIFYING bubbling pink potion
  4420 | D:6      | 4420 ||| DROPPING potion of attraction.
  4421 | D:6      | 4421 ||| DROPPING potion of invisibility.
  4503 | D:7      | Reached skill level 3 in Fighting
  4513 | D:7      | HP: 6/40 [kobold brigand/+0 dagger (5)]
  4514 | D:7      | 4514 ||| READING 2 scrolls of teleportation.
  4515 | D:7      | HP: 2/40 [poisoned by a kobold brigand]
  4515 | D:7      | Slain by a kobold

Levels and vault maps discovered:
D:1:      shiori_arrival_whats_in_store_for_you, layout_loops_ring,
          minmay_tetromino_s4
D:2:      layout_rooms, lemuel_flame_loot_1
D:3:      layout_basic, lemuel_doored_altar, nzn_wu_jian_council_hall,
          uniq_terence, uniq_jessica, uniq_crazy_yiuf_cottage
D:4:      layout_rooms, mainiacjoe_overflow_paths, vehumet_altar_wand_db,
          kennysheep_orc_sif_temple, minmay_temple_entry_enclosed_plants,
          portal_sewer_entry_a
D:5:      layout_rooms
D:6:      layout_loops_cross, mainiacjoe_overflow_catwalk, uniq_duvessa
D:7:      layout_gridville
Temple:   nicolae_temple_bog_church

Skill      XL: |  1  2  3  4  5  6  7  8 |
---------------+-------------------------+-----
Dodging        | 3 4 5 6 7 8 |  8.1
Ranged Weapons | 5 6 7 8 |  8.1
Fighting       | 2 3 |  3.2
Invocations    | 2 4 |  4.0
Stealth        | |  1.5

Action                     |  1- 3 |  4- 6 |  7- 9 || total
---------------------------+-------+-------+-------++-------
   Fire: Shortbow          |   124 |   165 |   116 ||   405
 Invoke: Heroism           |       |       |     1 ||     1
    Use: Scroll            |     7 |     6 |     3 ||    16
         Potion            |       |     3 |       ||     3
 Armour: Robe              |    12 |    14 |    17 ||    43
  Dodge: Dodged            |    41 |    50 |    49 ||   140

Table legend:
 A = Non-vault XP
 B = Vault XP
 C = Vault XP percentage of total XP
 D = Non-vault monster count
 E = Vault monster count
 F = Vault count percentage of total count
                 A         B        C        D         E       F
            +---------+---------+-------+---------+---------+-------
      Total |    1698 |     457 |  21.2 |     106 |      15 |  12.4
            +---------+---------+-------+---------+---------+-------
        D:1 |      33 |       0 |   0.0 |      17 |       0 |   0.0
        D:2 |      77 |       0 |   0.0 |      27 |       0 |   0.0
        D:3 |      98 |      73 |  42.7 |      11 |       2 |  15.4
        D:4 |     242 |      59 |  19.6 |      22 |       7 |  24.1
        D:5 |     508 |       0 |   0.0 |      11 |       0 |   0.0
        D:6 |     629 |     205 |  24.6 |      13 |       2 |  13.3
        D:7 |     111 |       0 |   0.0 |       5 |       0 |   0.0
      Sewer |       0 |     120 | 100.0 |       0 |       4 | 100.0
            +---------+---------+-------+---------+---------+-------
